General information
- name: BNet
- type: Ladder team game (AT/RT)
- host: Battle.net
- saver: 125986716716819
map: FullScaleAssault
- players: 8
- length: 50:50
- speed: Fast
- version: 1.27 W3XP
- replay type: Public
» download(353 KB)
Players
team 1 (winner)

»
t_k (
pink | 100 APM | 3589 actions | 36:02)
6 Demon Hunter
3 Mana Burn
2 Evasion
1 Metamorphosis
4 Pandaren Brewmaster
2 Drunken Haze
2 Drunken Brawler
» actions
| Assign group hotkey | 76 | |
| Basic commands | 363 | |
| Build / train | 133 | |
| Enter build submenu | 27 | |
| Enter hero's abilities submenu | 11 | |
| Give item / drop item | 2 | |
| Remove unit from queue | 9 | |
| Right click | 1158 | |
| Select / deselect | 794 | |
| Select group hotkey | 861 | |
| Use ability | 155 | |
3589 total
» units
| Wisp | 29 | |
| Archer | 9 | |
| Hippogryph | 12 | |
| Faerie Dragon | 5 | |
| Chimaera | 11 | |
66 total
» upgrades
| Strength of the Wild | 3 | |
| Reinforced Hides | 3 | |
| Corrosive Breath | 1 | |
| Well Spring | 1 | |
8 total
» buildings
| Moon Well | 7 | |
| Altar of Elders | 1 | |
| Ancient of War | 1 | |
| Ancient of Wonders | 1 | |
| Hunter's Hall | 1 | |
| Tree of Ages | 1 | |
| Tree of Life | 3 | |
| Ancient Protector | 6 | |
| Tree of Eternity | 2 | |
| Ancient of Wind | 1 | |
| Chimaera Roost | 3 | |
27 total
» build order
00:10 Moon Well
00:21 Altar of Elders
00:41 Ancient of War
01:35 Moon Well
02:08 Ancient of Wonders
03:01 Moon Well
05:11 Hunter's Hall
05:43 Tree of Ages
06:36 Tree of Life
06:38 Ancient Protector
06:39 Ancient Protector
08:19 Tree of Eternity
08:19 Tree of Eternity
08:25 Ancient of Wind
09:09 Ancient Protector
10:44 Chimaera Roost
10:45 Chimaera Roost
10:47 Chimaera Roost
11:01 Moon Well
12:24 Moon Well
12:35 Moon Well
16:45 Moon Well
17:25 Tree of Life
17:29 Ancient Protector
26:25 Tree of Life
27:11 Ancient Protector
27:13 Ancient Protector
» items
| Dust of Appearance | 2 | |
| Anti-magic Potion | 5 | |
| Potion of Healing | 7 | |
| Scroll of Town Portal | 5 | |
| Potion of Lesser Invulnerability | 2 | |
| Moonstone | 1 | |
22 total
Carnivale (
red | 62 APM | 3167 actions | 50:50)
10 Blademaster
3 Wind Walk
3 Critical Strike
1 Bladestorm
3 Mirror Image
» actions
| Assign group hotkey | 97 | |
| Basic commands | 39 | |
| Build / train | 111 | |
| Enter build submenu | 96 | |
| Enter hero's abilities submenu | 10 | |
| Give item / drop item | 11 | |
| Remove unit from queue | 2 | |
| Right click | 1522 | |
| Select / deselect | 543 | |
| Select group hotkey | 401 | |
| Use ability | 335 | |
3167 total
» units
| Peon | 15 | |
| Grunt | 12 | |
| Goblin Shredder | 4 | |
| Goblin Zeppelin | 4 | |
| Troll Batrider | 10 | |
| Goblin Sapper | 9 | |
| Blue Dragon | 3 | |
| Blue Dragon Whelp | 1 | |
| Demolisher | 5 | |
63 total
» upgrades
| Reinforced Defenses | 1 | |
| Ranged Weapons | 3 | |
| Armor | 3 | |
| Troll Regeneration | 1 | |
| Liquid Fire | 1 | |
| Spiked Barricades | 2 | |
| Envenomed Spears | 1 | |
| Ensnare | 1 | |
| Pillage | 1 | |
| Burning Oil | 1 | |
15 total
» buildings
| Orc Burrow | 4 | |
| Altar of Storms | 1 | |
| Barracks | 3 | |
| Voodoo Lounge | 6 | |
| War Mill | 2 | |
| Great Hall | 5 | |
| Watch Tower | 101 | |
| Stronghold | 1 | |
| Fortress | 1 | |
| Beastiary | 4 | |
| Tree of Life | 1 | |
129 total
» build order
00:14 Orc Burrow
01:02 Altar of Storms
01:03 Barracks
01:09 Orc Burrow
02:13 Voodoo Lounge
02:42 War Mill
03:45 Orc Burrow
04:33 Great Hall
05:49 Watch Tower
05:49 Watch Tower
05:50 Watch Tower
05:54 Orc Burrow
06:29 Watch Tower
06:53 Stronghold
07:35 Watch Tower
07:36 Watch Tower
07:37 Watch Tower
07:38 Watch Tower
07:41 Watch Tower
07:41 Watch Tower
07:42 Watch Tower
09:24 Fortress
10:32 Voodoo Lounge
10:40 Great Hall
12:24 Watch Tower
12:25 Watch Tower
12:25 Watch Tower
12:26 Watch Tower
12:26 Watch Tower
12:27 Watch Tower
12:27 Watch Tower
12:28 Watch Tower
12:32 Watch Tower
12:33 Watch Tower
12:34 Watch Tower
12:35 Watch Tower
12:43 Voodoo Lounge
13:29 Voodoo Lounge
13:36 Watch Tower
13:38 Watch Tower
13:44 Watch Tower
13:52 Watch Tower
14:14 Watch Tower
14:15 Watch Tower
14:16 Watch Tower
14:18 Watch Tower
14:19 Watch Tower
14:24 Watch Tower
14:24 Watch Tower
14:25 Watch Tower
14:31 Watch Tower
14:33 Watch Tower
14:33 Watch Tower
15:30 Beastiary
15:33 Beastiary
15:34 Beastiary
15:38 Beastiary
16:52 War Mill
20:41 Watch Tower
20:41 Watch Tower
20:43 Watch Tower
20:44 Watch Tower
20:44 Watch Tower
20:50 Watch Tower
20:50 Watch Tower
20:52 Watch Tower
20:52 Watch Tower
21:46 Watch Tower
21:48 Watch Tower
21:51 Watch Tower
24:13 Great Hall
24:16 Watch Tower
24:17 Watch Tower
24:17 Watch Tower
24:17 Watch Tower
24:18 Watch Tower
24:18 Watch Tower
24:18 Watch Tower
24:19 Watch Tower
27:07 Watch Tower
27:08 Watch Tower
27:08 Watch Tower
28:16 Watch Tower
28:17 Watch Tower
28:17 Watch Tower
28:17 Watch Tower
28:19 Watch Tower
28:20 Watch Tower
28:20 Watch Tower
28:21 Watch Tower
28:21 Watch Tower
28:22 Watch Tower
30:35 Watch Tower
30:35 Watch Tower
30:35 Watch Tower
30:36 Watch Tower
30:37 Watch Tower
37:12 Barracks
37:13 Barracks
37:56 Great Hall
38:03 Watch Tower
38:03 Watch Tower
38:05 Voodoo Lounge
38:07 Watch Tower
38:07 Watch Tower
38:09 Watch Tower
38:09 Watch Tower
38:10 Watch Tower
38:11 Watch Tower
38:12 Watch Tower
38:12 Watch Tower
38:12 Watch Tower
38:13 Watch Tower
44:45 Tree of Life
46:34 Great Hall
46:42 Watch Tower
46:42 Watch Tower
46:42 Watch Tower
46:43 Watch Tower
46:44 Watch Tower
46:45 Watch Tower
46:45 Watch Tower
46:45 Watch Tower
46:46 Watch Tower
46:46 Watch Tower
46:46 Watch Tower
46:47 Watch Tower
46:50 Voodoo Lounge
» items
| Healing Salve | 2 | |
| Boots of Speed | 1 | |
| Orb of Lightning | 1 | |
| Potion of Mana | 3 | |
| Lesser Clarity Potion | 3 | |
| Scroll of Town Portal | 3 | |
| Potion of Healing | 4 | |
17 total
SuBZerO3443 (
green | 27 APM | 918 actions | 34:16)
4 Crypt Lord
2 Carrion Beetles
2 Spiked Carapace
» actions
| Assign group hotkey | 5 | |
| Build / train | 63 | |
| Enter build submenu | 22 | |
| Enter hero's abilities submenu | 4 | |
| Remove unit from queue | 4 | |
| Right click | 394 | |
| Select / deselect | 355 | |
| Select group hotkey | 26 | |
| Use ability | 45 | |
918 total
» units
| Acolyte | 8 | |
| Ghoul | 4 | |
| Crypt Fiend | 23 | |
| Goblin Zeppelin | 1 | |
36 total
» upgrades
| Creature Attack | 3 | |
| Creature Carapace | 4 | |
| Web | 1 | |
8 total
» buildings
| Ziggurat | 10 | |
| Altar of Darkness | 1 | |
| Crypt | 2 | |
| Graveyard | 1 | |
| Spirit Tower | 5 | |
| Nerubian Tower | 1 | |
| Halls of the Dead | 1 | |
| Black Citadel | 1 | |
| Sacrificial Pit | 1 | |
| Tomb of Relics | 1 | |
24 total
» build order
00:14 Ziggurat
00:19 Altar of Darkness
00:23 Crypt
00:50 Graveyard
01:20 Crypt
02:29 Ziggurat
02:33 Ziggurat
02:36 Ziggurat
03:37 Spirit Tower
04:04 Nerubian Tower
06:02 Ziggurat
07:12 Halls of the Dead
11:01 Spirit Tower
11:02 Spirit Tower
15:56 Black Citadel
20:16 Ziggurat
20:17 Ziggurat
20:19 Ziggurat
20:22 Ziggurat
20:58 Ziggurat
22:57 Sacrificial Pit
23:04 Spirit Tower
23:08 Spirit Tower
23:19 Tomb of Relics
» items
| Orb of Corruption | 1 | |
| Dust of Appearance | 1 | |
| Scroll of Town Portal | 1 | |
3 total

»
B0V1CE (
teal | 37 APM | 1304 actions | 34:52)
6 Mountain King
1 Thunder Clap
3 Bash
1 Storm Bolt
1 Avatar
2 Paladin
1 Holy Light
1 Divine Shield
» actions
| Assign group hotkey | 19 | |
| Basic commands | 74 | |
| Build / train | 58 | |
| Enter build submenu | 33 | |
| Enter hero's abilities submenu | 8 | |
| Give item / drop item | 1 | |
| Remove unit from queue | 3 | |
| Right click | 407 | |
| Select / deselect | 304 | |
| Select group hotkey | 288 | |
| Use ability | 109 | |
1304 total
» units
| Peasant | 12 | |
| Footman | 2 | |
| Rifleman | 9 | |
| Priest | 4 | |
27 total
» upgrades
| Gunpowder | 3 | |
| Armor | 3 | |
| Priest Training | 2 | |
| Long Rifles | 1 | |
9 total
» buildings
| Farm | 12 | |
| Altar of Kings | 2 | |
| Barracks | 3 | |
| Scout Tower | 5 | |
| Arcane Vault | 2 | |
| Blacksmith | 2 | |
| Lumber Mill | 1 | |
| Arcane Tower | 2 | |
| Keep | 1 | |
| Arcane Sanctum | 1 | |
| Castle | 1 | |
| Guard Tower | 2 | |
| Town Hall | 2 | |
36 total
» build order
00:38 Farm
01:01 Altar of Kings
01:09 Barracks
01:36 Farm
01:45 Farm
02:21 Scout Tower
02:34 Arcane Vault
02:52 Blacksmith
02:56 Lumber Mill
03:05 Arcane Tower
04:05 Keep
04:59 Farm
06:25 Farm
06:27 Farm
07:34 Arcane Sanctum
07:54 Scout Tower
07:56 Scout Tower
08:40 Castle
08:59 Scout Tower
09:01 Scout Tower
09:03 Guard Tower
09:20 Farm
09:23 Farm
09:29 Guard Tower
09:33 Arcane Tower
13:52 Arcane Vault
14:26 Farm
14:29 Farm
15:17 Town Hall
22:52 Town Hall
23:19 Barracks
23:25 Farm
24:07 Farm
24:57 Barracks
26:34 Blacksmith
27:10 Altar of Kings
» items
| Orb of Fire | 1 | |
| Scroll of Town Portal | 1 | |
| Scroll of Regeneration | 1 | |
3 total
team 2 (loser)

»
thehordling2 (
blue | 25 APM | 1250 actions | 50:04)
5 Blademaster
2 Wind Walk
1 Critical Strike
2 Mirror Image
4 Shadow Hunter
2 Hex
2 Healing Wave
» actions
| Basic commands | 38 | |
| Build / train | 66 | |
| ESC pressed | 1 | |
| Enter build submenu | 15 | |
| Enter hero's abilities submenu | 9 | |
| Give item / drop item | 4 | |
| Right click | 577 | |
| Select / deselect | 451 | |
| Use ability | 89 | |
1250 total
» units
| Peon | 7 | |
| Grunt | 9 | |
| Troll Headhunter/Berserker | 6 | |
| Raider | 4 | |
| Shaman | 3 | |
| Tauren | 2 | |
| Troll Batrider | 1 | |
32 total
» upgrades
| Ensnare | 1 | |
| Armor | 2 | |
| Shaman Training | 2 | |
| Reinforced Defenses | 1 | |
6 total
» buildings
| Altar of Storms | 1 | |
| Orc Burrow | 7 | |
| Barracks | 1 | |
| Voodoo Lounge | 1 | |
| War Mill | 1 | |
| Stronghold | 1 | |
| Beastiary | 1 | |
| Spirit Lodge | 1 | |
| Fortress | 1 | |
| Tauren Totem | 1 | |
| Great Hall | 1 | |
17 total
» build order
00:09 Altar of Storms
00:18 Orc Burrow
00:51 Barracks
01:08 Voodoo Lounge
01:45 Orc Burrow
02:47 War Mill
03:40 Orc Burrow
04:44 Stronghold
08:13 Beastiary
08:16 Spirit Lodge
08:49 Orc Burrow
10:31 Fortress
11:02 Orc Burrow
13:04 Tauren Totem
14:24 Orc Burrow
14:28 Orc Burrow
21:26 Great Hall
» items
| Healing Salve | 4 | |
| Lesser Clarity Potion | 2 | |
| Orb of Lightning | 1 | |
| Scroll of Town Portal | 2 | |
9 total
125986716716819 (
orange | 96 APM | 4874 actions | 50:50)
10 Blademaster
3 Wind Walk
3 Critical Strike
1 Bladestorm
3 Mirror Image
» actions
| Assign group hotkey | 128 | |
| Basic commands | 318 | |
| Build / train | 147 | |
| ESC pressed | 20 | |
| Enter build submenu | 95 | |
| Enter hero's abilities submenu | 10 | |
| Give item / drop item | 11 | |
| Remove unit from queue | 1 | |
| Right click | 1662 | |
| Select / deselect | 494 | |
| Select group hotkey | 1652 | |
| Use ability | 336 | |
4874 total
» units
| Peon | 27 | |
| Grunt | 5 | |
| Goblin Zeppelin | 12 | |
| Wind Rider | 11 | |
| Goblin Shredder | 5 | |
| Troll Batrider | 6 | |
| Goblin Sapper | 5 | |
71 total
» upgrades
| Berserker Strength | 1 | |
| Pillage | 1 | |
| Ranged Weapons | 3 | |
| Armor | 3 | |
| Reinforced Defenses | 1 | |
| Envenomed Spears | 1 | |
| Spiked Barricades | 2 | |
| Liquid Fire | 1 | |
13 total
» buildings
| Orc Burrow | 9 | |
| Altar of Storms | 2 | |
| Barracks | 1 | |
| Voodoo Lounge | 4 | |
| Stronghold | 5 | |
| Great Hall | 5 | |
| War Mill | 2 | |
| Beastiary | 5 | |
| Fortress | 9 | |
| Watch Tower | 51 | |
93 total
» build order
00:07 Orc Burrow
00:12 Orc Burrow
00:52 Altar of Storms
01:04 Barracks
02:15 Voodoo Lounge
03:10 Orc Burrow
04:14 Stronghold
04:14 Stronghold
05:02 Great Hall
05:11 War Mill
05:55 Orc Burrow
06:11 Orc Burrow
07:04 Beastiary
07:42 Fortress
07:42 Fortress
07:42 Fortress
08:01 Watch Tower
08:02 Watch Tower
08:08 Watch Tower
08:56 Watch Tower
09:20 Watch Tower
09:23 Beastiary
09:54 Watch Tower
11:28 Watch Tower
11:28 Watch Tower
12:49 Watch Tower
13:47 Great Hall
13:57 Watch Tower
13:57 Watch Tower
13:58 Watch Tower
15:11 Watch Tower
15:13 Watch Tower
15:14 Watch Tower
16:04 Watch Tower
16:30 Watch Tower
16:31 Watch Tower
18:14 Watch Tower
18:17 Watch Tower
18:18 Watch Tower
18:22 Watch Tower
19:28 Watch Tower
20:21 Stronghold
20:22 Stronghold
20:25 Altar of Storms
20:27 Watch Tower
20:28 Watch Tower
20:31 Watch Tower
20:59 Watch Tower
21:00 Watch Tower
21:12 Orc Burrow
22:36 Great Hall
25:00 Great Hall
25:13 Fortress
25:13 Fortress
25:13 Fortress
25:17 War Mill
25:56 Beastiary
25:57 Beastiary
26:03 Beastiary
26:16 Orc Burrow
26:33 Watch Tower
26:34 Watch Tower
27:25 Voodoo Lounge
29:00 Watch Tower
29:03 Watch Tower
29:57 Watch Tower
29:59 Watch Tower
30:02 Watch Tower
30:08 Watch Tower
30:11 Watch Tower
30:12 Watch Tower
30:13 Watch Tower
30:18 Watch Tower
30:50 Watch Tower
30:51 Watch Tower
32:26 Voodoo Lounge
32:34 Voodoo Lounge
34:23 Orc Burrow
34:26 Orc Burrow
37:03 Watch Tower
37:05 Watch Tower
37:05 Watch Tower
37:06 Watch Tower
37:07 Watch Tower
39:17 Great Hall
39:20 Watch Tower
39:21 Watch Tower
39:22 Watch Tower
39:24 Watch Tower
» items
| Healing Salve | 4 | |
| Boots of Speed | 3 | |
| Lesser Clarity Potion | 6 | |
| Orb of Lightning | 1 | |
| Potion of Mana | 3 | |
| Scroll of Town Portal | 5 | |
| Scroll of Regeneration | 3 | |
| Potion of Lesser Invulnerability | 3 | |
| Staff of Teleportation | 1 | |
29 total

»
mikeytodo (
purple | 54 APM | 2494 actions | 46:27)
7 Keeper of the Grove
1 Force of Nature
3 Thorns Aura
2 Entangling Roots
1 Tranquility
» actions
| Assign group hotkey | 30 | |
| Basic commands | 303 | |
| Build / train | 98 | |
| ESC pressed | 10 | |
| Enter build submenu | 41 | |
| Enter hero's abilities submenu | 7 | |
| Give item / drop item | 1 | |
| Right click | 566 | |
| Select / deselect | 501 | |
| Select group hotkey | 859 | |
| Use ability | 78 | |
2494 total
» units
| Wisp | 32 | |
| Goblin Shredder | 1 | |
| Chimaera | 12 | |
| Hippogryph | 6 | |
| Dryad | 22 | |
73 total
» upgrades
| Ultravision | 1 | |
| Strength of the Wild | 3 | |
| Reinforced Hides | 2 | |
| Corrosive Breath | 1 | |
| Abolish Magic | 1 | |
8 total
» buildings
| Altar of Elders | 1 | |
| Moon Well | 9 | |
| Ancient of War | 1 | |
| Tree of Ages | 1 | |
| Hunter's Hall | 1 | |
| Tree of Eternity | 1 | |
| Ancient of Wind | 1 | |
| Ancient Protector | 9 | |
| Tree of Life | 4 | |
| Chimaera Roost | 2 | |
| Ancient of Lore | 3 | |
33 total
» build order
00:13 Altar of Elders
00:37 Moon Well
01:20 Moon Well
01:32 Moon Well
02:19 Ancient of War
02:26 Moon Well
03:09 Tree of Ages
03:20 Moon Well
03:45 Hunter's Hall
04:16 Moon Well
05:09 Moon Well
05:18 Moon Well
05:39 Tree of Eternity
06:07 Moon Well
06:27 Ancient of Wind
07:07 Ancient Protector
07:42 Tree of Life
08:02 Chimaera Roost
08:07 Chimaera Roost
13:13 Ancient Protector
13:21 Ancient Protector
13:39 Ancient Protector
14:03 Ancient Protector
14:05 Ancient Protector
15:27 Ancient Protector
15:30 Ancient Protector
15:33 Ancient Protector
19:25 Tree of Life
23:09 Tree of Life
25:02 Ancient of Lore
26:07 Ancient of Lore
26:09 Ancient of Lore
44:06 Tree of Life
» items
| Circlet of Nobility | 1 | |
| Scroll of Protection | 2 | |
| Periapt of Vitality | 1 | |
| Scroll of Town Portal | 3 | |
7 total
Bliss- (
yellow | 129 APM | 6325 actions | 49:08)
7 Mountain King
3 Storm Bolt
3 Thunder Clap
1 Avatar
6 Paladin
3 Holy Light
2 Divine Shield
1 Resurrection
» actions
| Assign group hotkey | 71 | |
| Basic commands | 54 | |
| Build / train | 139 | |
| ESC pressed | 9 | |
| Enter build submenu | 49 | |
| Enter hero's abilities submenu | 13 | |
| Give item / drop item | 3 | |
| Right click | 1825 | |
| Select / deselect | 996 | |
| Select group hotkey | 2990 | |
| Use ability | 175 | |
6325 total
» units
| Peasant | 20 | |
| Footman | 8 | |
| Rifleman | 23 | |
| Priest | 11 | |
| Flying Machine | 4 | |
66 total
» upgrades
| Masonry | 3 | |
| Defend | 1 | |
| Gunpowder | 3 | |
| Lumber Harvesting | 2 | |
| Armor | 3 | |
| Long Rifles | 1 | |
| Priest Training | 2 | |
| Magic Sentry | 1 | |
| Control Magic | 1 | |
| Sorceress Training | 1 | |
18 total
» buildings
| Altar of Kings | 1 | |
| Barracks | 2 | |
| Farm | 11 | |
| Scout Tower | 39 | |
| Arcane Tower | 1 | |
| Lumber Mill | 1 | |
| Town Hall | 3 | |
| Guard Tower | 19 | |
| Keep | 1 | |
| Arcane Vault | 1 | |
| Blacksmith | 1 | |
| Castle | 1 | |
| Arcane Sanctum | 1 | |
| Workshop | 1 | |
83 total
» build order
00:09 Altar of Kings
00:22 Barracks
00:36 Farm
01:06 Farm
01:38 Scout Tower
01:47 Farm
02:12 Arcane Tower
03:13 Lumber Mill
03:59 Town Hall
04:02 Scout Tower
04:03 Scout Tower
04:06 Scout Tower
04:09 Scout Tower
04:17 Farm
05:12 Guard Tower
05:13 Guard Tower
05:54 Guard Tower
06:16 Keep
06:25 Arcane Vault
06:28 Farm
06:39 Scout Tower
06:41 Scout Tower
07:14 Guard Tower
07:28 Blacksmith
07:49 Barracks
08:17 Farm
09:30 Farm
09:31 Farm
09:32 Farm
09:37 Farm
09:57 Farm
12:47 Castle
14:02 Arcane Sanctum
15:17 Workshop
15:40 Scout Tower
15:41 Scout Tower
15:41 Scout Tower
15:42 Scout Tower
15:43 Scout Tower
15:44 Scout Tower
15:45 Scout Tower
15:46 Scout Tower
16:15 Guard Tower
16:25 Guard Tower
16:39 Guard Tower
18:28 Scout Tower
18:28 Scout Tower
18:31 Scout Tower
18:32 Scout Tower
18:33 Scout Tower
19:05 Guard Tower
19:54 Guard Tower
27:15 Scout Tower
27:18 Scout Tower
27:18 Scout Tower
27:19 Scout Tower
27:20 Scout Tower
27:20 Scout Tower
27:21 Scout Tower
27:22 Scout Tower
27:24 Scout Tower
27:26 Scout Tower
27:27 Scout Tower
27:28 Scout Tower
27:29 Scout Tower
27:32 Scout Tower
27:33 Scout Tower
27:34 Scout Tower
27:34 Scout Tower
27:35 Scout Tower
27:44 Guard Tower
27:46 Guard Tower
27:46 Guard Tower
27:49 Town Hall
27:55 Guard Tower
27:55 Guard Tower
27:59 Guard Tower
28:00 Guard Tower
28:02 Scout Tower
28:31 Guard Tower
29:13 Guard Tower
32:18 Town Hall
» items
| Periapt of Vitality | 1 | |
| Scroll of Town Portal | 4 | |
| Boots of Speed | 2 | |
| Potion of Lesser Invulnerability | 3 | |
| Scroll of Regeneration | 1 | |
| Potion of Healing | 1 | |
| Scroll of Healing | 3 | |
| Scroll of Protection | 1 | |
16 total
Chat log
(00:11 / Allies) thehordling2: hi
(00:13 / Allies) mikeytodo: hello
(00:17 / Allies) 125986716716819: sup
(00:32 / All) Bliss-: big black ones
(00:52 / All) Carnivale: ARF YEAH UH YEAH UH
(00:54 / All) Carnivale: UH WHAT
(00:58 / All) Carnivale: X GONNA GIVE IT TO YA
(01:02 / All) mikeytodo: lorde lorde lorde
(01:04 / All) mikeytodo: i am lorde
(01:33 / All) Bliss-: ALL YOUR BASE ARE BELONG TO US
(01:54 / All) B0V1CE: was that even english
(01:59 / All) Carnivale: STAY OUT MY WAY MUTHA FUCKA
(03:20 / All) Carnivale: aY YO WHERE MY NIGGAS AT
(04:37 / All) Bliss-: keep your pimp hand strong my daddy said to me
(05:00 / Allies) Bliss-: tome jack
(05:01 / Allies) Bliss-: hah
(05:41 / Allies) Bliss-: fuck you purp
(05:45 / Allies) mikeytodo: ?
(05:50 / Allies) Bliss-: shreddedr!
(05:54 / Allies) mikeytodo: sorry dude
(05:59 / Allies) Bliss-: snooze you lose
(06:09 / Allies) Bliss-: the way it goes play booooy
(07:10 / Allies) Bliss-: bought you something purp
(07:15 / Allies) mikeytodo: ?
(07:19 / Allies) Bliss-: periapt
(07:24 / Allies) mikeytodo: ty my friend
(07:35 / Allies) Bliss-: fu you wouldnt have known if i didnt tell you
(07:36 / Allies) 125986716716819: wtf are you guys doing, playing a team game like one
(07:56 / All) thehordling2: lol wtf
(08:03 / All) t_k: freaking lag
(08:08 / Allies) thehordling2: so gready
(08:34 / Allies) 125986716716819: tp
(08:36 / Allies) 125986716716819: I will in 1 sec
(08:39 / Allies) thehordling2: dud eyou cant expand and fast tech fuck that
(08:49 / Allies) 125986716716819: you normally can
(08:50 / Allies) 125986716716819: this isn't solo
(09:05 / Allies) 125986716716819: ty
(09:11 / Allies) thehordling2: that's a horrible horrible excuse
(09:12 / Allies) mikeytodo: chims on way
(09:15 / Allies) 125986716716819: lol
(09:23 / Allies) thehordling2: lol indeed
(09:46 / Allies) Bliss-: i dont have tp
(10:28 / Allies) Bliss-: greed
(10:34 / Allies) Bliss-: is good
(10:41 / Allies) Bliss-: MIIIIKE DOUGLAS
(10:52 / Allies) thehordling2: greed is not good, ambition is good
(11:00 / Allies) Bliss-: your mom was good
(11:01 / Allies) 125986716716819: lol
(11:01 / Allies) Bliss-: last night
(11:09 / Allies) 125986716716819: blues mom is a total whore
(11:13 / Allies) 125986716716819: I fucked her last night too
(11:18 / Allies) 125986716716819: and she's sucking my dick right now actually
(11:43 / Allies) thehordling2: tell me again your caveman jokes
(11:47 / Allies) 125986716716819: it's no joke
(11:52 / Allies) 125986716716819: your mom is a good lay
(11:59 / Allies) thehordling2: b
(12:00 / Allies) thehordling2: back up
(12:03 / Allies) thehordling2: they are all tpin
(12:20 / Allies) Bliss-: ima just tp
(12:31 / Allies) Bliss-: i wrecked that human hahahah
(12:40 / Allies) Bliss-: just like i wrecked your mom last night
(12:55 / Allies) 125986716716819: tbh wrecking blues mo misnt much of an achievement
(13:03 / Allies) Bliss-: hahahah
(13:45 / Allies) Bliss-: she was a little rough around the endges
(14:05 / All) thehordling2: Get wrecked son
(14:18 / Allies) thehordling2: damn that was hardcore pwnage
(14:18 / Allies) Bliss-: thats funny
(14:40 / Allies) mikeytodo: got my full army
(14:42 / Allies) Bliss-: level 5 bm
(14:43 / Allies) Bliss-: wtf
(15:00 / Allies) Bliss-: purp wait up
(15:02 / Allies) Bliss-: i want in on that
(15:03 / Allies) mikeytodo: k
(15:35 / Allies) Bliss-: thres red
(15:35 / Allies) Bliss-: hahaha
(15:52 / Allies) mikeytodo: wow
(15:54 / Allies) mikeytodo: what a faoggt
(16:10 / Allies) Bliss-: ya
(16:11 / Allies) Bliss-: annoying
(16:12 / All) thehordling2: alright 3 v 1 too much
(16:41 / Allies) Bliss-: great
(16:45 / Allies) Bliss-: now hes doing it to me
(16:55 / Allies) Bliss-: lets go win
(17:26 / Allies) 125986716716819: hit teal main
(17:27 / Allies) 125986716716819: too many towers
(17:31 / All) thehordling2: no please, all 3 at me again
(17:34 / Allies) 125986716716819: way softer
(17:45 / Allies) thehordling2: well go, i got 3 up top
(19:34 / Allies) thehordling2: there 3 up here i hope u are wrecking them you have only 1 as opposition
(20:10 / Allies) thehordling2: you're losing the race
(21:03 / Allies) mikeytodo: with
(21:06 / Allies) mikeytodo: yellow base
(21:24 / Allies) 125986716716819: help
(21:27 / Allies) 125986716716819: or I will lose everything
(21:36 / Allies) thehordling2: oh u mean like me?
(21:45 / Allies) thehordling2: u still have another xpo lo
(21:49 / Allies) 125986716716819: just because you lost everything doesn't mean I shouldn't
(21:52 / Allies) 125986716716819: should*
(22:04 / Allies) 125986716716819: counter top
(22:36 / Allies) mikeytodo: we need to counter
(22:45 / Allies) 125986716716819: hit top
(22:55 / Allies) thehordling2: funny how it's important to rally the team only when it's your own base
(23:07 / Allies) 125986716716819: no it's just that one base isn't a big deal
(23:09 / Allies) 125986716716819: two is
(23:18 / Allies) thehordling2: yah bullshit
(23:19 / Allies) 125986716716819: stop being a whiny cunt
(23:22 / Allies) 125986716716819: with unwarranted self importance
(23:24 / Allies) 125986716716819: it's a team game
(23:30 / Allies) thehordling2: you're the one crying help me or i lose everything bitch
(23:34 / Allies) 125986716716819: not crying
(23:36 / Allies) 125986716716819: you're crying lol
(23:38 / Allies) thehordling2: you self rigtious pig
(23:39 / Allies) 125986716716819: mad you lost your base
(23:48 / Allies) thehordling2: i didn't speak up till you started crying
(23:56 / Allies) 125986716716819: I'm not crying but you are, big baby blue
(24:07 / Allies) thehordling2: ooh big baby big words lol
(24:11 / Allies) thehordling2: you pussy bitch
(24:15 / Allies) 125986716716819: big baby blue crying wah wahhh
(24:23 / Allies) thehordling2: 5 year old lol
(24:24 / Allies) 125986716716819: little baby mad things didn't go his way
(24:31 / Allies) thehordling2: are you gonna cry hnow?
(24:31 / Allies) 125986716716819: your mom is a good lay at least
(24:34 / Allies) 125986716716819: even if you're worthless
(24:40 / Allies) 125986716716819: total whore in bed
(24:42 / Allies) Bliss-: main is open
(24:45 / Allies) thehordling2: lol bring on the kid mom jokes
(24:53 / Allies) 125986716716819: your mom is no joke
(25:06 / Allies) thehordling2: neanderthal
(25:27 / Allies) 125986716716819: wood me
(25:30 / Allies) thehordling2: no please, impress me with your intellect using mom jokes
(25:42 / Allies) 125986716716819: your mom impresses me with her mouth
(26:02 / Allies) thehordling2: durka durka your mom durka durka your iq is probably 80
(26:10 / Allies) 125986716716819: lol
(26:26 / Allies) thehordling2: nice expo retard
(26:37 / Allies) 125986716716819: nice base
(26:49 / Allies) thehordling2: yah, yours is clearly more important lol
(26:58 / Allies) 125986716716819: yeah it is since I'm a better player
(27:08 / Allies) thehordling2: so u can waste everyone's time and amaze us with your witty mom jokes
(27:29 / Allies) thehordling2: do you cut yourself if you don't win?
(27:51 / Allies) thehordling2: do you quit if your base is destroyed first?
(28:04 / Allies) thehordling2: crying with 2k gold?
(28:06 / Allies) 125986716716819: no but mine doesn't usually get killed first like yours
(28:07 / Allies) 125986716716819: did
(28:14 / Allies) thehordling2: lol
(28:17 / Allies) thehordling2: nice logic
(29:01 / Allies) Bliss-: gold?
(29:02 / Allies) Bliss-: alittle
(29:07 / All) t_k: gg lol
(30:02 / Allies) mikeytodo: we need to counter
(30:10 / Allies) thehordling2: lol thank goodness orange is here with his 1 hero and 7k fucking gold holy shit
(30:17 / Allies) thehordling2: i don't think i've seen a more selfish bigger newb
(30:21 / Allies) 125986716716819: lawl
(30:25 / Allies) 125986716716819: you are obviously mad your base died
(30:28 / Allies) 125986716716819: and that you have nothing
(30:29 / Allies) mikeytodo: i could use
(30:29 / Allies) thehordling2: jeeeezu you're horrible
(30:30 / Allies) 125986716716819: and I have something
(30:33 / Allies) mikeytodo: for units
(30:40 / Allies) thehordling2: i just stay for the luls
(30:56 / Allies) 125986716716819: ht top
(31:01 / Allies) mikeytodo: going meow
(31:18 / All) Carnivale: god that's nice
(31:51 / Allies) Bliss-: orange
(31:52 / Allies) Bliss-: should i
(31:55 / Allies) Bliss-: ?
(32:03 / Allies) thehordling2: lol
(32:11 / Allies) Bliss-: fuck i need tp
(32:29 / Allies) thehordling2: maybe orange will share his 8k gold lol
(32:33 / Allies) thehordling2: stupid kid
(32:52 / Allies) 125986716716819: I'm going to make a stupid kid with your mom, no way the kid doesn't turn out retarded cuz she as dumb as you
(33:06 / Allies) thehordling2: oooooh!!!! dayam I feel so burned lol
(33:17 / Allies) 125986716716819: I'm going to get your mom pregnant blue
(33:21 / Allies) 125986716716819: you'll have a little brother
(33:24 / Allies) 125986716716819: how does this make you feel?
(33:34 / Allies) thehordling2: lol then cut yourself and cry in a corner dcause daddy didn't love you?
(33:41 / Allies) 125986716716819: I'm going to be your new daddy
(33:54 / Allies) thehordling2: you couldn't be a daddy to anybody lol
(33:58 / Allies) 125986716716819: I'm your daddy
(34:07 / All) Carnivale: pink is tking lawl
(34:11 / All) Carnivale: what a moron
(34:48 / All) thehordling2: yah we have a special snowflake too
(34:51 / All) B0V1CE: red such trash man
(34:53 / All) 125986716716819: blue
(34:55 / All) 125986716716819: is autistic
(35:10 / All) thehordling2: lol orange has 12k
(35:17 / All) t_k: lolll
(35:22 / All) t_k: stll saved it
(35:32 / All) t_k: was trying to kill red hero
(35:35 / Allies) 125986716716819: good tp blue
(35:37 / All) thehordling2: and he has mom jokes lol
(35:40 / All) t_k: but u guys fucked everything
(35:54 / Allies) mikeytodo: wood please
(35:54 / Allies) Bliss-: i just had an epic reincarnate
(36:09 / All) 125986716716819: hero stuck bug
(36:13 / All) Carnivale: hero bug lol
(36:14 / All) 125986716716819: so gay lol
(36:23 / All) 125986716716819: thought I was going to lose that
(36:25 / All) 125986716716819: woot for pally heals
(36:53 / All) Carnivale: not sure what pink's problem was lawl
(37:00 / Allies) Bliss-: we need to think about getting that
(37:02 / All) Carnivale: mad I used HIS moon wells before helping save his expo?
(37:15 / All) thehordling2: Orange is mentally damaged is and is going to quit crying if you destroy his base first lol
(37:29 / All) thehordling2: i hope he has a friend he can call tonight
(37:55 / All) 125986716716819: Blue is just autistic
(37:58 / All) 125986716716819: don't worry about him
(38:16 / All) thehordling2: I don't need anyone to worry about me, it's you im concerned about.
(38:33 / Allies) Bliss-: guys i dont have tp
(38:45 / Allies) mikeytodo: i dont have any gold
(38:46 / All) thehordling2: I don't think you get enough validation in your life if you're crying about your base in this game
(38:58 / All) 125986716716819: you were crying about your base lol and have been mad all game cuz you lost yours
(39:01 / All) 125986716716819: cuz you suck like your mom
(39:07 / All) thehordling2: lol
(39:12 / Allies) mikeytodo: holy fu ckl
(39:19 / All) mikeytodo: jesus christ red
(39:29 / Allies) mikeytodo: anyone
(39:32 / Allies) mikeytodo: i need 100 gold
(39:34 / All) thehordling2: your mommy doesn't love you does she.. quick bitching about your base and "losing everything" you delicate snowflake
(39:38 / Allies) 125986716716819: haven't got any to spare, sorry
(39:39 / Allies) mikeytodo: ty
(39:42 / All) 125986716716819: you keep talking about the base
(39:54 / All) thehordling2: you're the one that was crying dude.
(39:59 / All) 125986716716819: I think blue has problems
(40:02 / All) 125986716716819: he's imagining things
(40:04 / All) thehordling2: my base was gone and I Didn't say anything
(40:07 / All) 125986716716819: paranoid schizophrenic man
(40:11 / All) 125986716716819: he needs to be on medication or something
(40:15 / All) thehordling2: if that helps you sleep at night
(40:31 / All) Carnivale: Peekaboo I found you
(41:04 / All) thehordling2: i think orange is having a self identity crisis. He has no self worth
(41:09 / All) thehordling2: i hope he doesn't kill himself
(42:01 / Allies) mikeytodo: bm is redic
(42:26 / Allies) Bliss-: ugh
(42:44 / All) thehordling2: lol now he is tk'ing yellow. I think he is going to cut himself tonight guys. Lets give him hugs
(43:06 / All) thehordling2: don't rage quit orange lol
(43:16 / All) thehordling2: poor baby
(43:21 / Allies) Bliss-: HAHAHAH
(43:29 / Allies) Bliss-: ive never seen that before orange
(43:30 / Allies) Bliss-: ahahahah
(43:49 / Allies) Bliss-: you on their team orange/
(43:51 / Allies) 125986716716819: what didn't you see before
(43:53 / All) thehordling2: you can see the rage in his eyes behind the tears
(43:57 / Allies) Bliss-: the staff
(44:00 / Allies) Bliss-: so i cant heal
(44:02 / Allies) Bliss-: hahaha
(44:03 / All) 125986716716819: Blue is very imaginative
(44:07 / All) 125986716716819: he's showing us his autistic creativity
(44:12 / All) Carnivale: you got 500 games played on that account alone since reset lmao look in a mirror
(44:16 / Allies) 125986716716819: it's an old school trick
(44:28 / All) Carnivale: that was meant to be a whipser lawl
(44:43 / Allies) Bliss-: backstabbing is not a trick
(44:49 / Allies) 125986716716819: there are tricks to backstabbing
(44:50 / Allies) Bliss-: its just an oldschool backstab
(45:01 / Allies) Bliss-: are you playing to win
(45:06 / Allies) 125986716716819: obviously not
(45:11 / Allies) 125986716716819: playing for fufn
(45:20 / Allies) mikeytodo: orange can i have some gold please
(45:23 / All) thehordling2: going afk while orange waste his life lol
(45:27 / All) 125986716716819: lol
(45:32 / All) 125986716716819: what are you doing with your life
(45:35 / Allies) Bliss-: orange gold that
(45:45 / Allies) Bliss-: and send peons to wood
(45:56 / All) Carnivale: That's my expo, mine by rights
(45:59 / Allies) Bliss-: and those
(46:01 / Allies) Bliss-: get those too
(46:04 / Allies) 125986716716819: thanks
(46:06 / Allies) 125986716716819: forgot I put those there
(46:09 / Allies) 125986716716819: they'll help to tk you
(46:13 / Allies) Bliss-: hahahah
(46:20 / Allies) Bliss-: i reminded you of them all game
(46:24 / Allies) 125986716716819: lawl
(46:25 / All) thehordling2: my life is great! I own my own business and don't need to validate my life with a game lik you do lol
(46:30 / Allies) 125986716716819: must've missed it
(46:41 / Allies) Bliss-: what sucks is we would have won
(46:41 / All) 125986716716819: you sure? you seem like you are trying to prove something all game
(46:52 / Allies) 125986716716819: we had fun didn't we?
(46:54 / Allies) 125986716716819: I sure did
(46:55 / All) thehordling2: yah im enjoying making you look stupid
(46:59 / All) 125986716716819: LOL
(47:03 / All) thehordling2: you did half the work for me
(47:15 / All) 125986716716819: blue thinks I'm the one of the two of us who will look dumb in this replay
(47:17 / All) 125986716716819: when I upload it
(47:35 / Allies) Bliss-: if we leave
(47:35 / All) 125986716716819: 66-74 now
(47:37 / Allies) Bliss-: are you going to leave
(47:43 / Allies) 125986716716819: if you leave our team may get the win
(47:52 / Allies) 125986716716819: actually, it will for sure if his team has anyone left
(47:58 / Allies) 125986716716819: oh
(48:01 / Allies) 125986716716819: it's just you and blue
(48:05 / Allies) 125986716716819: actually no, you lose no matter what
(48:08 / All) thehordling2: lol ooooh nice! yah upload it to youtube, but don't cut yourself when you don't get 2 views
(48:15 / Allies) Bliss-:
(48:18 / All) 125986716716819: do you know what a replay site is
(48:22 / All) thehordling2: lol he's so raging
(48:24 / All) 125986716716819: who the fuck puts replays on youtube LMAO
(48:26 / All) Carnivale: some of my videos have 4 views I'll have you know
(48:39 / All) Carnivale: I have some replays on youtube
(48:46 / All) Carnivale: good ones, too
(49:01 / All) Bliss-: you guys probably dont even know who 4k grubby or Todd or Moon are
(49:07 / All) Bliss-: fucking losers
(49:10 / All) 125986716716819: LOL
(49:11 / All) Carnivale: OMG
(49:15 / All) Carnivale: HE KNOWS OBSCURE PROS
(49:16 / All) Carnivale: OBSCURE
(49:25 / All) 125986716716819: He's heard of professional war3 players
(49:27 / All) Carnivale: HE KNOWS THE TOP PROS
(49:27 / All) 125986716716819: what a genius
(49:28 / All) thehordling2: sorry i don't know you're little circle of people you think are important lol
(49:47 / All) Carnivale: My circle is me myself and I, my mom, our 2 cats and a gerbil named Petey
(50:00 / All) thehordling2: well orange, hope you get your life figured out and get that hate worked out
(50:10 / All) Carnivale: lawl
(50:13 / All) 125986716716819: nice
(50:24 / All) 125986716716819: I say blue loses
(50:27 / All) 125986716716819: blue and yellow
(50:28 / All) Carnivale: yeh